 Dungeon Crawl Stone Soup version 0.29-a0-322-g68df515428 (webtiles) character file.

Game seed: 18230313753134268950

1141 Leszczynek the Fighter (level 8, -2/108 (118) HPs)
             Began as a Human Gladiator on Apr 6, 2022.
             Slain by a wight
             ... wielding a +4 dire flail
              (5 damage)
             ... on level 4 of the Dungeon.
             The game lasted 00:08:49 (1255 turns).

Leszczynek the Fighter (Human Gladiator)            Turns: 1255, Time: 00:08:49

HP:   -2/108 (118)  AC: 24    Str: 22    XL:     8   Next: 64%
MP:   8/8           EV:  2    Int: 10    God:
Gold: 144           SH:  0    Dex: 14    Spells: 7/7 levels left

rFire   . . .      SeeInvis .   a - +0 war axe
rCold   . . .      Faith    .   (no shield)
rNeg    . . .      Spirit   .   (body armour currently unavailable)
rPois   +          Reflect  .   (helmet currently unavailable)
rElec   .          Harm     .   (cloak currently unavailable)
rCorr   .          Rampage  .   (gloves currently unavailable)
Will    .....      NoTele   +   (boots currently unavailable)
Stlth   +.........              (no amulet)
HPRegen 0.28/turn               h - +6 ring of strength
MPRegen 0.11/turn               (no ring)

@: tree-form, drained
A: stationary, stasis, torment immunity, boosted hp
a: no special abilities


You were on level 4 of the Dungeon.
You were a tree.
You visited 1 branch of the dungeon, and saw 4 of its levels.
You also visited: Sewer.

You collected 144 gold pieces.

Inventory:

Hand Weapons
 a - a +0 war axe (weapon)
Missiles
 s - 5 poisoned darts (quivered)
 u - 2 curare-tipped darts
Armour
 b - a +0 leather armour (melded)
 c - a +0 helmet (melded)
Jewellery
 h - a +6 ring of strength (left branch)
Wands
 o - a wand of mindburst (8)
Scrolls
 d - a scroll of brand weapon {unknown}
 f - a scroll of vulnerability {unknown}
 g - a scroll of enchant armour {unknown}
 j - a scroll of fog {unknown}
 l - a scroll of teleportation
 m - a scroll of enchant weapon {unknown}
 n - a scroll of magic mapping {unknown}
 t - a scroll of fear {unknown}
Potions
 i - 2 potions of lignification {!q}
 p - a potion of might {unknown}
 q - a potion of magic


   Skills:
 * Level 13.3 Fighting
 * Level 5.3 Axes
 + Level 3.6 Throwing
 + Level 4.3 Dodging


You had 7 spell levels left.
You didn't know any spells.
Your spell library was empty.

Dungeon Overview and Level Annotations

Branches:
Dungeon (4/15)              Sewer (visited)
 Temple: D:4-7

Altars:

Shops:
D:4 :


Message History

The wight is severely damaged.
The wight struggles against the net.
The wight closely misses you.
The wight struggles against the net.
You catch the helpless wight completely off-guard!
You hit the wight.
You destroy the wight!
You barely miss the wight.
The wight hits you with a +4 dire flail!
Your life force feels restored.
You hit the wight.
The wight is moderately damaged.
The wight hits you with a +4 dire flail!
You feel drained. The wight attacks as you move away!
The wight hits you with a +4 dire flail.
You feel drained.
It was a potion of lignification.
You turn into a tree.
Your +0 helmet melds into your body.
Your +0 leather armour melds into your body.
Your roots penetrate the ground.
The wight hits you with a +4 dire flail.
* * * LOW HITPOINT WARNING * * *
Unknown command.
It was a potion of magic.
Magic courses through your body.
The wight hits you with a +4 dire flail!
* * * LOW HITPOINT WARNING * * *
You feel drained.
* * * LOW HITPOINT WARNING * * *
Unknown command.
Unknown command.
Unknown command.
It was a potion of experience.
You feel more experienced!
Your Fighting skill gained 9 levels and is now at level 13!
You have reached level 8!
You feel clever.
The wight hits you with a +4 dire flail!
* * * LOW HITPOINT WARNING * * *
You feel drained.
You die...

..........##......#
.......##†##......#
.......##.##.....##
.$..$..##.####.#......
...(..(....#...#....#.
.....)###..#.######..#
...... #(......)# .#
...... ##.##.##z# #
####'# #.....#♣# ..?zz
#######.# ..... #.#
...(. #.. ... #.. ...
#..# ... #..# ... #..#
...


You could see a wight.

Vanquished Creatures
  A sky beast (D:4)
  3 kobold brigands (Sewer)
  2 wights (D:4)
  A hound (D:4)
  6 adders
  3 gnolls (D:4)
  3 river rats (Sewer)
  4 dart slugs
  3 bats
  4 endoplasms
  2 giant cockroaches
  4 goblins
  2 hobgoblins
  3 jackals (Sewer)
  6 kobolds
  12 ball pythons
  3 frilled lizards (Sewer)
  3 rats
65 creatures vanquished.

Vanquished Creatures (others)
  29 plants (Sewer)
29 creatures vanquished.

Grand Total: 94 creatures vanquished

Notes
Turn   | Place    | Note
-------+----------+-------------------------------------------
     0 | D:1      | Leszczynek the Human Gladiator began the quest for the Orb.
     0 | D:1      | Reached XP level 1. HP: 16/16 MP: 1/1
    81 | D:1      | Reached XP level 2. HP: 16/22 MP: 2/2
   268 | D:2      | Reached XP level 3. HP: 22/28 MP: 3/3
   279 | D:2      | Found a faded altar of an unknown god.
   527 | D:4      | Reached XP level 4. HP: 27/34 MP: 4/4
   606 | D:4      | Found a glowing drain.
   607 | D:4      | Noticed a sky beast
   623 | D:4      | Noticed a wight
   625 | Sewer    | Entered a sewer
   637 | Sewer    | Reached skill level 3 in Fighting
   710 | Sewer    | Reached XP level 5. HP: 36/41 MP: 5/5
   797 | Sewer    | Noticed a kobold brigand
   802 | Sewer    | Killed a kobold brigand
   803 | Sewer    | Reached skill level 4 in Axes
   803 | Sewer    | Reached XP level 6. HP: 32/47 MP: 6/6
   848 | Sewer    | Reached skill level 3 in Throwing
   967 | Sewer    | Reached skill level 4 in Fighting
  1005 | Sewer    | Reached skill level 4 in Dodging
  1086 | D:4      | Found Puluceth's Self-Improvement Boutique.
  1098 | D:4      | Reached XP level 7. HP: 23/54 MP: 7/7
  1224 | D:4      | Reached skill level 5 in Axes
  1254 | D:4      | HP: 11/78 [wight/+4 dire flail (8)]
  1255 | D:4      | Reached skill level 13 in Fighting
  1255 | D:4      | Reached XP level 8. HP: 12/74 MP: 8/8
  1255 | D:4      | HP: 3/111 [wight/+4 dire flail (10)]
  1255 | D:4      | Slain by a wight

Illustrated notes

Levels and vault maps discovered:
D:1:      minmay_arrival_hallway, layout_rooms, kennysheep_another_room
D:2:      layout_loops_ring, hellmonk_ecumenical_altar_zigzags
D:3:      layout_basic, serial_shops, nicolae_shop_crystal,
          small_statue_intersection, grunt_ministairs_4,
          minmay_misc_feat_nine_boxes, minmay_goblin_outpost
D:4:      layout_basic, cheibrodos_sewer_entry_drain, ebering_ghost_sewer_d,
          hangedman_feature_mirror, dk_vineyard_1, glass_columns_c, st_stairs_8,
          nicolae_shop_self_help

Skill      XL: |  1  2  3  4  5  6  7 |
---------------+----------------------+-----
Fighting       | 3 4 13 | 13.3
Axes           | 4 5 |  5.3
Throwing       | 3 |  3.6
Dodging        | 4 |  4.3

Action                   |  1- 3 |  4- 6 |  7- 9 || total
-------------------------+-------+-------+-------++-------
Melee: War axe           |    73 |    93 |    11 ||   177
       Punch             |     1 |     1 |     1 ||     3
Throw: Javelin           |     3 |     7 |     5 ||    15
       Throwing net      |       |    10 |     3 ||    13
Evoke: Wand              |       |     6 |     1 ||     7
  Use: Scroll            |       |     1 |       ||     1
       Potion            |       |       |     3 ||     3
 Stab: Sleeping          |     3 |       |       ||     3
       Held in net/web   |       |     2 |     2 ||     4
Armor: Leather armour    |    31 |    30 |       ||    61
Dodge: Dodged            |    47 |    70 |     6 ||   123

Table legend: (Time is in decaauts)
 A = Elapsed time spent in this place.
 B = Non-inter-level travel time spent in this place.
 C = Inter-level travel time spent in this place.
 D = Time resting spent in this place.
 E = Time spent auto-exploring this place.
 F = Levels seen in this place.
 G = Mean time per level.
                   A        B        C        D        E       F      G
               +--------+--------+--------+--------+--------+-----+--------+
         Total |   1436 |   1353 |     83 |      0 |      0 |   5 |  287.2 |
       Dungeon |    850 |    767 |     83 |      0 |      0 |   4 |  212.5 |
         Sewer |    585 |    585 |      0 |      0 |      0 |   1 |  585.0 |
               +--------+--------+--------+--------+--------+-----+--------+

Top non-repeatable levels by time:
   Sewer: 585 daAuts
     D:4: 331 daAuts
     D:2: 270 daAuts
     D:1: 153 daAuts
     D:3: 95 daAuts
